Map: New Repugnancy LE

Players

Elazer

  • Race: Zerg Zerg
  • Spawn Location: 7:00

Neeb - Winner!

  • Race: Protoss Protoss
  • Spawn Location: 1:00

Event: 2019 WCS Spring

VOD

Have the link to the VOD?

Description

Time

  • Played on: May 19, 2019, 6:33 a.m.
  • Length: 8:44

All games in this series

Show
View Real Time Build Order
Export as new Build Order

Elazer Zerg 

Build Orders: Hatch First 

Get SALT Encoding   

  12  0:00  Drone  
  13  0:12  Overlord  
  13  0:17  Drone  
  14  0:30  Drone x2  
  16  0:49  Drone  
  17  0:55  Drone  
  17  0:56  Hatchery  
  17  0:59  Drone  
  18  1:08  Extractor  
  17  1:13  Spawning Pool  
  17  1:17  Drone  
  17  1:20  Drone  
  18  1:31  Drone  
  19  1:39  Drone  
  20  1:49  Drone  
  21  1:59  Overlord  
  21  2:01  Extractor, Queen  
  21  2:07  Queen  
  25  2:08  Zergling x2  
  25  2:09  Metabolic Boost  
  25  2:12  Zergling x2  
  27  2:20  Zergling x2  
  27  2:21  Zergling x2  
  29  2:32  Zergling x2  
  29  2:34  Drone  
  31  2:40  Hatchery  
  30  2:46  Drone  
  30  2:47  Drone  
  32  2:52  Queen  
  32  2:55  Drone  
  35  3:00  Overlord  
  35  3:09  Drone  
  35  3:21  Drone x5  
  35  3:23  Drone x2  
  40  3:27  Extractor  
  39  3:37  Drone x2  
  41  3:43  Overlord  
  41  3:47  Lair  
  41  3:53  Drone  
  42  3:57  Overlord  
  42  4:02  Drone x2  
  44  4:06  Zergling x6  
  44  4:08  Zergling x2  
  44  4:09  Drone x2  
  50  4:10  Overlord  
  50  4:18  Roach Warren, Drone x4  
  50  4:19  Extractor  
  50  4:22  Drone  
  53  4:27  Overlord  
  53  4:31  Drone x2  
  55  4:34  Drone x3  
  55  4:35  Overlord  
  55  4:38  Drone  
  59  4:39  Extractor  
  59  4:44  Overseer  
  58  4:52  Drone x4  
  62  4:53  Overlord  
  61  5:05  Zergling x4  
  60  5:13  Roach x9  
  77  5:19  Queen  
  77  5:24  Roach  
  77  5:25  Roach x2  
  83  5:29  Overlord  
  83  5:33  Overlord  
  83  5:34  Drone x3  
  86  5:36  Glial Reconstitution  
  86  5:42  Overlord  
  83  5:45  Drone x4  
  83  5:46  Drone  
  83  5:48  Drone  
  82  5:52  Drone  
  82  5:53  Drone x2  
  82  5:56  Drone  
  86  5:57  Drone  
  86  6:00  Drone  
  86  6:01  Drone  
  86  6:03  Drone  
  90  6:06  Drone x2  
  90  6:10  Evolution Chamber  
  91  6:13  Baneling Nest  
  91  6:16  Extractor  
  89  6:21  Roach  
  89  6:25  Hatchery  
  87  6:37  Queen  
  87  6:38  Roach x6  
  99  6:44  Zerg Melee Weapons Level 1  
  99  6:50  Zergling x14  
  106  6:58  Overlord  
  106  6:59  Zergling x2  
  106  7:00  Zergling x6  
  110  7:01  Centrifical Hooks  
  110  7:04  Overlord  
  110  7:06  Zergling x2  
  108  7:15  Drone  
  108  7:16  Drone x2  
  108  7:17  Overlord  
  108  7:19  Zergling x2  
  106  7:25  Zergling x12  
  106  7:29  Ravager  
  113  7:32  Overlord  
  113  7:33  Zergling x2  
  113  7:34  Ravager x2  
  113  7:35  Ravager x2  
  114  7:41  Zergling x6  
  114  7:42  Ravager  
  116  7:47  Zergling x10  
  116  7:49  Baneling x8  
  116  7:51  Ravager  
  118  7:54  Zergling x8  
  122  7:58  Baneling  
  122  7:59  Baneling x4  
  122  8:01  Zergling x4  
  122  8:02  Zergling x2  
  125  8:08  Zergling x2  
  125  8:09  Zergling x6  
  125  8:11  Zergling x4  
  125  8:12  Zergling x2  
  105  8:15  Zergling x2  
  105  8:19  Roach x2  
  84  8:23  Roach x2  
Show
View Real Time Build Order
Export as new Build Order

Neeb Protoss - Winner!

Build Orders: 1 Gate Expand, Archon Immortal, Archon Drop, Dark Templar Rush 

Get SALT Encoding   

  12  0:00  Probe  
  13  0:12  Probe  
  14  0:19  Pylon  
  14  0:24  Probe  
  15  0:33  Probe  
  15  0:40  Gateway  
  15  0:41  Probe  
  17  0:50  Assimilator  
  17  0:53  Probe  
  18  1:05  Probe  
  19  1:24  Probe  
  20  1:27  Cybernetics Core  
  20  1:36  Nexus  
  20  1:40  Probe  
  20  1:45  Pylon  
  21  1:53  Probe  
  22  1:54  Assimilator  
  22  1:55  Adept  
  22  2:05  Probe  
  25  2:15  Adept  
  25  2:17  Probe  
  25  2:18  Robotics Facility  
  26  2:29  Probe  
  29  2:35  Warp Gate  
  29  2:41  Probe  
  30  2:48  Probe  
  30  2:50  Stalker  
  31  2:51  Twilight Council  
  31  2:54  Probe  
  32  3:00  Probe  
  32  3:03  Warp Prism  
  35  3:06  Probe  
  38  3:15  Probe  
  38  3:19  Probe  
  40  3:27  Probe  
  40  3:31  Probe  
  38  3:37  Dark Shrine  
  38  3:39  Probe  
  39  3:41  Gateway  
  39  3:44  Probe  
  42  3:52  Gateway  
  42  3:55  Probe  
  41  3:57  Gateway  
  41  4:01  Assimilator  
  41  4:02  Probe  
  42  4:05  Assimilator  
  42  4:07  Probe  
  42  4:09  Pylon  
  43  4:14  Probe  
  44  4:19  Probe, Pylon  
  45  4:26  Probe  
  45  4:28  Adept  
  48  4:31  Probe  
  48  4:36  Pylon  
  49  4:38  Probe  
  49  4:43  Probe  
  51  4:49  Dark Templar x3  
  51  4:50  Dark Templar  
  51  4:52  Probe  
  60  4:57  Probe  
  60  4:58  Observer  
  62  5:05  Probe  
  63  5:13  Archon  
  63  5:15  Nexus  
  63  5:21  Archon  
  63  5:22  Zealot x2  
  63  5:23  Zealot  
  63  5:25  Probe x2  
  63  5:26  Pylon  
  63  5:27  Zealot x2  
  69  5:35  Immortal, Forge  
  69  5:37  Probe  
  74  5:50  Probe  
  74  5:53  Sentry  
  74  5:56  Pylon  
  77  5:57  Pylon  
  77  6:02  Gateway  
  77  6:04  Probe  
  77  6:05  Gateway  
  77  6:10  Immortal  
  78  6:14  Probe  
  78  6:17  Sentry x4, Protoss Ground Weapons Level 1  
  92  6:18  Probe  
  92  6:24  Charge  
  92  6:37  Probe  
  92  6:38  Probe x2  
  95  6:42  Gateway x2  
  95  6:45  Adept x3  
  95  6:47  Adept  
  103  6:49  Immortal, Probe  
  103  6:50  Probe  
  109  6:57  Pylon  
  109  6:58  Pylon  
  105  7:17  Zealot x2, Dark Templar x2  
  105  7:19  Immortal  
  108  7:23  Archon  
  108  7:27  Probe  
  112  7:34  Zealot x2  
  116  7:42  Zealot x4  
  120  7:55  Pylon  
  120  7:58  Immortal, Assimilator  
  121  7:59  Assimilator  
  121  8:04  Dark Templar  
  104  8:13  Zealot x2  
  104  8:14  Zealot x2  
  104  8:15  Zealot x3  
  100  8:33  Zealot x2  
  102  8:35  Zealot x3  
  102  8:36  Zealot  
Tags
 
Add a new tag
Caveats
  • Supply blocks, unpowered buildings, or Contaminate may cause inaccurate times.
  • Supply counts are checked every 10 seconds.